cohdb
Replays
Latest Replays
All Replays
Popular Replays
Top Player Replays
Match Explorer
How It Works
Community
CoH3 Stats
Reddit
Sign in to upload your games and track your stats! →
Sign in with Steam
Match 41954957
Unlisted
Match 41954957
Overview
Messages
Build Orders
End
Construct Barracks
Riflemen Squad
Riflemen Squad
Grenade Package
Mechanized Support Center
Riflemen Squad
Construct Medical Station
Construct Weapon Support Center
Selects Heavy Weapons
Selects Assault Carriers
Selects M2HB .50cal Heavy Machine Gun
M1919 Machine Gun Team
Chronicle
Agua de Jamaica
Grizzly
Bizchan
★HAL-9000★☠
★Kartoffel★Aquiles
Wayne_Wang
Mr.Wu
0
0
Comments
sign in to comment!
No comments posted yet!